 Dungeon Crawl Stone Soup version 0.30-a0-439-g9e77e4d916 (webtiles) character file.

Game seed: 11801483211219483044

795 p00ps00p the Trooper (level 7, -2/63 HPs)
             Began as a Hill Orc Fighter on Dec 11, 2022.
             Slain by an ogre
             ... wielding a +0 giant club
              (19 damage)
             ... on level 6 of the Dungeon.
             The game lasted 00:06:49 (4865 turns).

p00ps00p the Trooper (Hill Orc Fighter)             Turns: 4865, Time: 00:06:50

Health: -2/63      AC: 13    Str: 21    XL:     7   Next: 89%
Magic:  7/7        EV:  7    Int:  8    God:
Gold:   411        SH:  5    Dex: 10    Spells: 6/6 levels left

rFire   . . .      SeeInvis +    x - +0 war axe (flame)
rCold   + . .      Faith    .    c - +0 buckler
rNeg    . . .      Spirit   .    A - +0 chain mail {rC+}
rPois   .          Reflect  .    j - +0 helmet
rElec   .          Harm     .    (no cloak)
rCorr   .          Rampage  .    p - +0 pair of gloves
Will    +....                    l - +0 pair of boots
Stlth   ..........               g - amulet of regeneration
HPRegen 1.10/turn                m - ring of see invisible
MPRegen 0.10/turn                t - ring of willpower

@: lethally poisoned (-2 -> -4), about to teleport, hasted, very quick
A: no striking features
a: no special abilities


You were on level 6 of the Dungeon.
You visited 1 branch of the dungeon, and saw 6 of its levels.

You collected 432 gold pieces.
You spent 21 gold pieces at shops.

Inventory:

Hand Weapons
 a - a +1 war axe
 v - a +3 antimagic hand axe
 x - a +0 war axe of flaming (weapon)
Missiles
 r - 2 throwing nets (quivered)
Armour
 c - a +0 buckler (worn)
 j - a +0 helmet (worn)
 l - a +0 pair of boots (worn)
 p - a +0 pair of gloves (worn)
 A - a +0 chain mail of cold resistance (worn)
Jewellery
 g - an amulet of regeneration (around neck)
 m - a ring of see invisible (left hand)
 t - a ring of willpower (right hand)
 u - an amulet of magic regeneration
Wands
 y - a wand of flame (27)
Scrolls
 i - a scroll of teleportation
 k - 3 scrolls of enchant armour
 w - a scroll of magic mapping
Potions
 b - a potion of cancellation {unknown}
 d - a potion of resistance
 f - 2 potions of lignification
 h - 3 potions of degeneration
 n - a potion of magic
 o - a potion of mutation {unknown}
 q - a potion of haste
 s - a potion of berserk rage {unknown}
 z - a potion of heal wounds {unknown}


   Skills:
 + Level 6.3 Fighting
 + Level 6.1 Axes
 + Level 5.6 Armour
 + Level 5.6 Shields


You had 6 spell levels left.
You didn't know any spells.
Your spell library was empty.

Dungeon Overview and Level Annotations

Branches:
Dungeon (6/15)
 Temple: D:4-7

Altars:
Fedhas
Hepliaklqana
Ru
Trog
Uskayaw
Yredelemnul
Zin
The Shining One

Shops:
D:3 **(((   D:4 (


Message History

You feel yourself speed up.
You feel very sick.
The water moccasin bites you but does no damage.
You block the water moccasin's attack. You block the ogre's attack.
Unknown command.
You hit the water moccasin. You burn the water moccasin.
The water moccasin is lightly wounded.
You barely miss the ogre.
You feel very sick. The water moccasin barely misses you.
You miss the water moccasin.
The water moccasin is lightly wounded.
You hit the ogre. You burn the ogre.
You feel sick. The water moccasin bites you.
You are more poisoned.
The water moccasin poisons you! The ogre hits you with a +0 giant club!
You closely miss the water moccasin.
The water moccasin is lightly wounded.
You hit the ogre but do no damage.
You feel very sick. The water moccasin barely misses you.
You closely miss the water moccasin.
The water moccasin is lightly wounded.
You hit the ogre. You burn the ogre.
You feel sick.
The water moccasin bites you but does no damage.
The ogre hits you with a +0 giant club! The centaur hits you.
You block the centaur's attack.
The water moccasin bites you but does no damage.
As you read the scroll of teleportation, it crumbles to dust.
You feel strangely unstable.
You feel sick.
You slash the water moccasin! You burn the water moccasin.
The water moccasin is severely wounded.
You barely miss the centaur. You hit the ogre. You burn the ogre.
You feel sick.
The centaur hits you but does no damage.
The centaur kicks you.
* * * LOW HITPOINT WARNING * * *
The water moccasin barely misses you.
The ogre hits you with a +0 giant club!!
You die...

..#.. #$#.
####
#..........
#.#>. ...
#.#.....
#.#.#.##### #
#..Sc......
#.#..@#.#
#...O.#.#####
####......?..
#.!.......
#.........
#.........
#.........
#.........
#.........


You could see a water moccasin, an ogre and a centaur.

Vanquished Creatures
  An ice beast (D:5)
  2 ogres
  The ghost of MakMorn the Gusty, an amateur AtAE (D:3)
  A scorpion (D:5)
  An orc priest (D:3)
  4 hounds (D:5)
  2 iguanas
  3 orc wizards (D:5)
  A gnoll (D:3)
  5 adders
  2 dart slugs (D:1)
  12 orcs
  5 bats
  4 endoplasms
  4 giant cockroaches
  11 goblins
  8 hobgoblins
  8 kobolds
  3 quokkas
  8 ball pythons
  5 rats
91 creatures vanquished.

Vanquished Creatures (others)
  A kobold (D:3)
  A rat (D:3)
  6 plants
8 creatures vanquished.

Grand Total: 99 creatures vanquished

Notes
Turn   | Place    | Note
-------+----------+-------------------------------------------
     0 | D:1      | p00ps00p the Hill Orc Fighter began the quest for the Orb.
     0 | D:1      | Reached XP level 1. HP: 19/19 MP: 1/1
    90 | D:1      | You fall into a shaft and drop 1 floor!
   122 | D:2      | Reached XP level 2. HP: 25/27 MP: 2/2
   346 | D:2      | Reached XP level 3. HP: 32/33 MP: 3/3
   878 | D:1      | Found a faded altar of an unknown god.
  1320 | D:1      | Reached XP level 4. HP: 40/40 MP: 4/4
  1402 | D:3      | Found Lyfuppol's Assorted Antiques.
  1406 | D:3      | Bought a scroll labelled QOUCHE NEVINI for 21 gold pieces
  1780 | D:3      | Found a runed translucent gate.
  1781 | D:3      | Found a runed translucent gate.
  1783 | D:3      | Found a runed translucent gate.
  1784 | D:3      | Noticed MakMorn's ghost (amateur AtAE)
  1835 | D:3      | Killed MakMorn's ghost
  1836 | D:3      | Reached XP level 5. HP: 47/47 MP: 5/5
  1865 | D:3      | Found Luzyloh's Assorted Antiques.
  1906 | D:3      | Found Qiqymeg's Weapon Emporium.
  1942 | D:3      | Found Ycoreuru's Weapon Boutique.
  2160 | D:3      | Found Wyxzeiq's Antique Weapon Shoppe.
  2433 | D:3      | Found a bloodstained altar of Trog.
  2478 | D:4      | Noticed an ogre
  2488 | D:4      | Killed an ogre
  2489 | D:4      | Reached skill level 5 in Fighting
  2489 | D:4      | Reached XP level 6. HP: 56/56 MP: 2/6
  2588 | D:4      | Found a hazy altar of Hepliaklqana.
  2718 | D:4      | Found Ocyikk's Weapon Emporium.
  2808 | D:4      | Found a blossoming altar of Fedhas.
  2855 | D:4      | Found a glowing silver altar of Zin.
  2929 | D:4      | Identified the +2 leather armour of Altruism {rC+ Int-2
                  | Dex+4}
  3344 | D:5      | Entered Level 5 of the Dungeon
  3366 | D:5      | Reached skill level 5 in Axes
  3413 | D:5      | Found a sacrificial altar of Ru.
  3425 | D:5      | Reached skill level 5 in Armour
  3425 | D:5      | Reached skill level 5 in Shields
  3425 | D:5      | Reached XP level 7. HP: 59/61 MP: 7/7
  3560 | D:5      | Found a glowing golden altar of the Shining One.
  3563 | D:5      | Noticed an angel
  3596 | D:5      | Found a hide-covered altar of Uskayaw.
  4125 | D:5      | Found a basalt altar of Yredelemnul.
  4865 | D:6      | Slain by an ogre

Illustrated notes

Levels and vault maps discovered:
D:1:      minmay_arrival_cross, layout_loops_ring, basic_ecumenical_altar
D:2:      layout_basic
D:3:      layout_basic, trog_antimagical, serial_shops, shop_statue,
          nicolae_shop_overgrown_old_shop, nicolae_shop_crystal,
          nicolae_lakefront_shop, nicolae_shop_crystal, gammafunk_ghost_split
D:4:      layout_loops_corners, mainiacjoe_overflow_surrounded_room,
          amcnicky_altar_gilded, general_overflow_altar, serial_shops, shop,
          minivault_19, nicolae_concentric_dashed_squares_wild
D:5:      layout_basic, grunt_temple_overflow_holy_war,
          nicolae_uskayaw_dance_hall, lemuel_crystal_altar, serial_bayou,
          serial_bayou_lake_a, serial_bayou_pond_b, serial_bayou_lagoon_a
D:6:      layout_basic

Skill      XL: |  1  2  3  4  5  6  7 |
---------------+----------------------+-----
Axes           | 3 4 5 6 |  6.1
Fighting       | 4 5 6 |  6.3
Armour         | 4 5 |  5.6
Shields        | 4 5 |  5.6

Action                   |  1- 3 |  4- 6 |  7- 9 || total
-------------------------+-------+-------+-------++-------
Melee: War axe           |   103 |    57 |    83 ||   243
       Hand axe          |       |    40 |       ||    40
  Use: Scroll            |     4 |     7 |     3 ||    14
       Potion            |       |     2 |     1 ||     3
Armor: Scale mail        |    58 |    46 |    11 ||   115
       Chain mail        |       |       |    45 ||    45
Dodge: Dodged            |    51 |    42 |    35 ||   128
Block: Buckler           |    27 |    23 |    28 ||    78

Table legend: (Time is in decaauts)
 A = Elapsed time spent in this place.
 B = Non-inter-level travel time spent in this place.
 C = Inter-level travel time spent in this place.
 D = Time resting spent in this place.
 E = Time spent auto-exploring this place.
 F = Levels seen in this place.
 G = Mean time per level.
                   A        B        C        D        E       F      G
               +--------+--------+--------+--------+--------+-----+--------+
         Total |   5006 |   4853 |    153 |    961 |   3095 |   6 |  834.3 |
       Dungeon |   5006 |   4853 |    153 |    961 |   3095 |   6 |  834.3 |
               +--------+--------+--------+--------+--------+-----+--------+

Top non-repeatable levels by time:
     D:5: 1585 daAuts
     D:3: 1118 daAuts
     D:4: 870 daAuts
     D:2: 742 daAuts
     D:1: 666 daAuts
     D:6: 22 daAuts
